Capitals vs Bruins
Created - December 21, 2020 at 19:04
Goals
|
Capitals |
0 |
1 |
1 |
2 |
Bruins |
3 |
0 |
1 |
4 |
|
Shots
|
Capitals |
9 |
8 |
16 |
33 |
Bruins |
17 |
12 |
11 |
40 |
|
1st period
1. Bruins , Wojtek Wolski 15 (Casey Cizikas 5, Dan Hamhuis 6) at 1:17
2. Bruins , Jonathan Toews 16 (Wojtek Wolski 20) at 1:21
3. Bruins , Jonathan Toews 17 (Zack Kassian 19, Jason Demers 12) at 12:35 (PP)
Penalties :
Marc-Édouard Vlasic (Was) for Slashing (Minor) at 3:24, Zack Kassian (Bos) for Hooking (Minor) at 7:48, Mikko Koivu (Was) for Tripping (Minor) at 12:18, Mike Ribeiro (Bos) for Hooking (Minor) at 17:10
2nd period
4. Capitals , Ryan Nugent-Hopkins 5 (Torey Krug 5, Blake Wheeler 5) at 12:33
Penalties :
Ian Cole (Bos) for Holding (Minor) at 3:43, Jason Pominville (Was) for Slashing (Minor) at 9:41, T.J Galiardi (Bos) for Slashing (Minor) at 18:57
3rd period
5. Bruins , Victor Oreskovich 3 (Scott Hartnell 7, Jason Demers 13) at 14:33
6. Capitals , Marc-Édouard Vlasic 1 (Jason Pominville 8, Blake Wheeler 6) at 19:25 (PP)
Penalties :
Victor Oreskovich (Bos) for Roughing (Minor) at 2:03, Mike Ribeiro (Bos) for Hooking (Minor) at 8:51, Mike Ribeiro (Bos) for Interference (Minor) at 18:27
Goalie Stats
Keith Kinkaid (Was), 36 saves from 40 shots - (0.900), L, 8-2-0, 60:00 minutes
Kevin Poulin (Bos), 31 saves from 33 shots - (0.939), W, 14-5-2, 60:00 minutes
Players Stats for Capitals
Player Name G A P +/- PIM S H SB GA TA FO MP PP MP PK MP
------------------------------------------------------------------------------------
Alexander Steen 0 0 0 -1 0 1 1 0 0 1 0/0 13:40 0:03 0:28
Blake Wheeler 0 2 2 1 0 0 2 0 0 0 1/1 15:40 5:51 0:00
Brent Burns 0 0 0 -1 0 2 0 2 0 0 0/0 27:27 7:37 2:15
Derek Roy 0 0 0 -1 0 6 1 1 0 0 17/40 22:58 6:58 2:31
Jason Pominville 0 1 1 -1 2 4 1 1 0 0 0/0 20:01 5:51 0:40
Joe Pavelski 0 0 0 -2 0 0 1 0 1 0 2/5 22:23 6:58 2:30
Marc-Édouard Vlasic 1 0 1 0 2 1 0 0 0 2 0/0 15:52 0:58 0:12
Mike Green 0 0 0 -1 0 3 1 2 1 1 0/0 25:07 8:35 2:15
Mike Hoffman 0 0 0 0 0 1 0 0 0 0 0/0 7:16 0:00 0:00
Mikko Koivu 0 0 0 0 2 3 1 0 1 0 0/5 8:31 0:03 0:44
Ondrej Palat 0 0 0 1 0 3 0 0 0 1 1/2 9:19 0:00 0:00
Patrick Sharp 0 0 0 -2 0 4 2 0 0 0 0/0 20:32 6:58 1:16
Ryan Getzlaf 0 0 0 -2 0 0 0 0 0 0 3/7 12:06 0:00 0:00
Ryan Nugent-Hopkins 1 0 1 1 0 3 1 0 2 0 3/7 15:51 5:51 0:21
Ryan Suter 0 0 0 -1 0 0 1 1 0 1 0/0 16:46 4:17 1:48
T.J. Oshie 0 0 0 0 0 2 2 0 0 0 0/0 7:20 0:03 0:00
Torey Krug 0 1 1 0 0 0 2 2 0 0 0/0 23:04 4:17 0:12
Trevor Daley 0 0 0 -1 0 0 0 1 0 0 0/0 11:49 0:00 1:48
Players Stats for Bruins
Player Name G A P +/- PIM S H SB GA TA FO MP PP MP PK MP
------------------------------------------------------------------------------------
Casey Cizikas 0 1 1 1 0 0 0 0 0 0 2/3 6:30 0:00 1:19
Dan Hamhuis 0 1 1 -1 0 0 1 2 0 0 0/0 17:31 1:39 5:18
Dave Bolland 0 0 0 -1 0 2 1 0 0 0 5/7 10:45 0:00 0:00
Ian Cole 0 0 0 -1 2 0 1 4 0 1 0/0 17:28 1:39 4:28
Jason Demers 0 2 2 2 0 2 3 2 1 0 0/0 29:20 2:36 7:19
Johnny Boychuk 0 0 0 2 0 2 3 0 0 0 0/0 29:37 2:36 7:36
Jonathan Toews 2 0 2 1 0 7 1 0 1 0 16/24 20:59 2:27 3:20
Matt Read 0 0 0 -1 0 6 2 0 0 0 0/1 13:40 0:00 2:35
Mike Ribeiro 0 0 0 1 6 0 1 0 0 0 9/16 13:15 1:48 0:00
Rene Bourque 0 0 0 1 0 0 1 0 0 0 0/0 5:09 0:00 0:00
Samuel Morin 0 0 0 1 0 0 1 1 0 0 0/0 12:54 0:00 0:48
Scott Hartnell 0 1 1 1 0 1 2 1 2 0 0/0 19:06 1:48 5:51
Slava Voynov 0 0 0 1 0 1 0 0 0 2 0/0 13:09 0:00 0:15
T.J Galiardi 0 0 0 -1 2 1 2 0 1 0 0/0 11:06 0:00 0:30
Victor Oreskovich 1 0 1 1 2 3 1 1 0 1 1/3 13:05 1:48 0:00
Wojtek Wolski 1 1 2 2 0 7 1 0 1 1 6/11 27:48 2:27 6:34
Zack Hamill 0 0 0 0 0 0 0 0 0 0 1/1 2:13 0:00 0:00
Zack Kassian 0 1 1 1 2 8 0 0 0 0 0/1 23:26 2:27 5:35
3 Stars
1 - Jonathan Toews (Bos)
2 - Wojtek Wolski (Bos)
3 - Jason Demers (Bos)
Power Play
Capitals - 1 on 7 Attempt(s) - 14.29%
Bruins - 1 on 3 Attempt(s) - 33.33%
Penalty Kill
Capitals - 2 on 3 Attempt(s) - 66.67%
- Score 0 goal in Penalty Kill
Bruins - 6 on 7 Attempt(s) - 85.71%
- Score 0 goal in Penalty Kill
Team Stat
Capitals - Hits : 16 - Faceoff Wins : 27 - Blocked Shots : 10 - Penalty Minutes : 6
Bruins - Hits : 21 - Faceoff Wins : 40 - Blocked Shots : 11 - Penalty Minutes : 14
Official
Referees : Unknown
Linesman : Unknown
Game Notes
No Game Note
Finance
Level 1 -- Attendance: 4520 (75.33%) -- Ticket Income $560,480
Level 2 -- Attendance: 3867 (77.34%) -- Ticket Income $290,025
Level 3 -- Attendance: 1649 (82.45%) -- Ticket Income $72,556
Level 4 -- Attendance: 4000 (100.00%) -- Ticket Income $116,000
Luxury Box -- Attendance: 777 (77.70%) -- Ticket Income $170,163
Game was played at the TD Banknorth Garden.
Total Attendance: 14813 (82.29%)
Total Ticket Income: $1,209,224
Other Income: $181,384
Total Income: $1,390,608
Capitals
5 vs 5 Forward
Center Left Wing Right Wing Time % Phy DF OF
1 Derek Roy Alexander Steen Jason Pominville 40 1 2 2
2 Ryan Getzlaf Patrick Sharp Joe Pavelski 30 1 2 2
3 Ryan Nugent-Hopkins Ondrej Palat Blake Wheeler 25 1 2 2
4 Mikko Koivu Mike Hoffman T.J. Oshie 5 1 2 2
5 vs 5 Defense
Defense Defense Time % Phy DF OF
1 Torey Krug Brent Burns 40 1 2 2
2 Marc-Édouard Vlasic Mike Green 35 1 2 2
3 Trevor Daley Ryan Suter 25 1 2 2
4 Mike Green Brent Burns 0 1 2 2
PowerPlay Forward
Center Left Wing Right Wing Time % Phy DF OF
1 Derek Roy Patrick Sharp Joe Pavelski 60 1 2 2
2 Ryan Nugent-Hopkins Blake Wheeler Jason Pominville 40 1 2 2
PowerPlay Defense
Defense Defense Time % Phy DF OF
1 Mike Green Brent Burns 60 1 2 2
2 Torey Krug Ryan Suter 40 1 2 2
Penalty Kill 4 Players Forward
Center Wing Time % Phy DF OF
1 Joe Pavelski Derek Roy 60 1 2 2
2 Jason Pominville Patrick Sharp 40 1 2 2
Penalty Kill 4 Players Defense
Defense Defense Time % Phy DF OF
1 Mike Green Brent Burns 60 1 2 2
2 Trevor Daley Ryan Suter 40 1 2 2
Penalty Kill - 3 Players Forward
Forward Time % Phy DF OF
1 Joe Pavelski 60 1 2 2
2 Derek Roy 40 1 2 2
Penalty Kill - 3 Players Defense
Defense Defense Time % Phy DF OF
1 Mike Green Brent Burns 60 1 2 2
2 Trevor Daley Ryan Suter 40 1 2 2
4 vs 4 Forward
Center Wing Time % Phy DF OF
1 Joe Pavelski Derek Roy 60 1 2 2
2 Jason Pominville Patrick Sharp 40 1 2 2
4 vs 4 Defense
Defense Defense Time % Phy DF OF
1 Mike Green Brent Burns 60 1 2 2
2 Torey Krug Ryan Suter 40 1 2 2
Last Minutes Offensive
Center Left Wing Right Wing Defense Defense
Derek Roy Patrick Sharp Joe Pavelski Mike Green Brent Burns
Last Minutes Defensive
Center Left Wing Right Wing Defense Defense
Derek Roy Patrick Sharp Joe Pavelski Mike Green Brent Burns
Goaltenders
Starting : Keith Kinkaid
Backup : Tuukka Rask
Extra Forwards
Normal : Joe Pavelski, Blake Wheeler, Mikko Koivu - PP : Derek Roy, Blake Wheeler - PK : Mikko Koivu
Extra Defensemen
Normal : Marc-Édouard Vlasic, Mike Green, Trevor Daley - PP : Marc-Édouard Vlasic - PK : Brent Burns, Trevor Daley
Penalty Shots
Joe Pavelski, Derek Roy, Jason Pominville, Patrick Sharp, Ryan Getzlaf
Scratches
None
Bruins
5 vs 5 Forward
Center Left Wing Right Wing Time % Phy DF OF
1 Jonathan Toews Wojtek Wolski Zack Kassian 40 1 2 2
2 Mike Ribeiro Scott Hartnell Victor Oreskovich 30 1 2 2
3 Dave Bolland T.J Galiardi Matt Read 20 1 2 2
4 Casey Cizikas Wojtek Wolski Rene Bourque 10 1 2 2
5 vs 5 Defense
Defense Defense Time % Phy DF OF
1 Jason Demers Johnny Boychuk 40 1 2 2
2 Dan Hamhuis Ian Cole 30 1 2 2
3 Slava Voynov Samuel Morin 20 1 2 2
4 Jason Demers Johnny Boychuk 10 1 2 2
PowerPlay Forward
Center Left Wing Right Wing Time % Phy DF OF
1 Jonathan Toews Wojtek Wolski Zack Kassian 60 1 2 2
2 Mike Ribeiro Scott Hartnell Victor Oreskovich 40 1 2 2
PowerPlay Defense
Defense Defense Time % Phy DF OF
1 Jason Demers Johnny Boychuk 60 1 2 2
2 Dan Hamhuis Ian Cole 40 1 2 2
Penalty Kill 4 Players Forward
Center Wing Time % Phy DF OF
1 Wojtek Wolski Zack Kassian 60 1 2 2
2 Jonathan Toews Scott Hartnell 40 1 2 2
Penalty Kill 4 Players Defense
Defense Defense Time % Phy DF OF
1 Jason Demers Johnny Boychuk 60 1 2 2
2 Dan Hamhuis Ian Cole 40 1 2 2
Penalty Kill - 3 Players Forward
Forward Time % Phy DF OF
1 Wojtek Wolski 60 1 2 2
2 Zack Kassian 40 1 2 2
Penalty Kill - 3 Players Defense
Defense Defense Time % Phy DF OF
1 Jason Demers Johnny Boychuk 60 1 2 2
2 Dan Hamhuis Ian Cole 40 1 2 2
4 vs 4 Forward
Center Wing Time % Phy DF OF
1 Wojtek Wolski Zack Kassian 60 1 2 2
2 Jonathan Toews Scott Hartnell 40 1 2 2
4 vs 4 Defense
Defense Defense Time % Phy DF OF
1 Jason Demers Johnny Boychuk 60 1 2 2
2 Dan Hamhuis Ian Cole 40 1 2 2
Last Minutes Offensive
Center Left Wing Right Wing Defense Defense
Jonathan Toews Wojtek Wolski Zack Kassian Jason Demers Johnny Boychuk
Last Minutes Defensive
Center Left Wing Right Wing Defense Defense
Jonathan Toews Wojtek Wolski Zack Kassian Jason Demers Johnny Boychuk
Goaltenders
Starting : Kevin Poulin
Backup : Josh Tordjman
Extra Forwards
Normal : Zack Hamill, Dave Bolland, Matt Read - PP : Zack Hamill, Dave Bolland - PK : Matt Read
Extra Defensemen
Normal : Slava Voynov, Samuel Morin, Dan Hamhuis - PP : Slava Voynov - PK : Samuel Morin, Dan Hamhuis
Penalty Shots
Wojtek Wolski, Zack Kassian, Jonathan Toews, Scott Hartnell, Victor Oreskovich
Scratches
Brendan Smith (Healthy), Kris Chucko (Healthy)
% Time on Ice - Capitals
Lines # - Real PCT - Wanted PCT - Time Play
Normal Forward
1 - 31% - 40% - 13:30
2 - 30% - 30% - 12:48
3 - 22% - 25% - 9:19
4 - 17% - 5% - 7:16
Normal Defense
1 - 43% - 40% - 18:28
2 - 34% - 35% - 14:30
3 - 23% - 25% - 9:55
4 - 0% - 0% - 0:00
PP Forward
1 - 55% - 60% - 7:01
2 - 45% - 40% - 5:51
PP Defense
1 - 67% - 60% - 8:35
2 - 33% - 40% - 4:17
PK Forward
1 - 70% - 60% - 2:59
2 - 30% - 40% - 1:16
PK Defense
1 - 58% - 60% - 2:27
2 - 42% - 40% - 1:48
PK3 Forward
1 - 0% - 60%
2 - 0% - 40%
PK3 Defense
1 - 0% - 60%
2 - 0% - 40%
44 Forward
1 - 0% - 60%
2 - 0% - 40%
44 Defense
1 - 0% - 60%
2 - 0% - 40%
Last Minute Offensive - 0:00
Last Minute Defensive - 0:00
Total
Forward - 60:00
Defense - 60:00
|
% Time on Ice - Bruins
Lines # - Real PCT - Wanted PCT - Time Play
Normal Forward
1 - 38% - 40% - 16:19
2 - 26% - 30% - 11:14
3 - 24% - 20% - 10:24
4 - 12% - 10% - 4:56
Normal Defense
1 - 44% - 40% - 19:03
2 - 27% - 30% - 11:36
3 - 28% - 20% - 11:52
4 - 1% - 10% - 0:22
PP Forward
1 - 58% - 60% - 2:27
2 - 42% - 40% - 1:48
PP Defense
1 - 61% - 60% - 2:36
2 - 39% - 40% - 1:39
PK Forward
1 - 67% - 60% - 8:34
2 - 33% - 40% - 4:18
PK Defense
1 - 57% - 60% - 7:19
2 - 43% - 40% - 5:33
PK3 Forward
1 - 0% - 60%
2 - 0% - 40%
PK3 Defense
1 - 0% - 60%
2 - 0% - 40%
44 Forward
1 - 0% - 60%
2 - 0% - 40%
44 Defense
1 - 0% - 60%
2 - 0% - 40%
Last Minute Offensive - 0:00
Last Minute Defensive - 0:00
Total
Forward - 60:00
Defense - 60:00
|
Play-by-Play
1st period
0:01 of 1st period - Derek Roy wins face-off versus Jonathan Toews in neutral zone.
0:12 of 1st period - Wrist shot by Zack Kassian.
0:12 of 1st period - Shot Misses the Net.
0:14 of 1st period - Snap shot by Zack Kassian.
0:14 of 1st period - Stopped by Keith Kinkaid with a rebound.
0:35 of 1st period - Wrist shot by Patrick Sharp.
0:35 of 1st period - Stopped by Kevin Poulin without a rebound.
0:36 of 1st period - Ryan Nugent-Hopkins wins face-off versus Dave Bolland in Bruins zone.
1:15 of 1st period - Snap shot by Casey Cizikas.
1:15 of 1st period - Shot Misses the Net.
1:17 of 1st period - Snap shot by Wojtek Wolski.
1:17 of 1st period - Goal by Wojtek Wolski - Capitals : 0 - Bruins : 1.
1:18 of 1st period - Jonathan Toews wins face-off versus Derek Roy in neutral zone.
1:21 of 1st period - Wrist shot by Jonathan Toews.
1:21 of 1st period - Goal by Jonathan Toews - Capitals : 0 - Bruins : 2.
1:22 of 1st period - Jonathan Toews wins face-off versus Derek Roy in neutral zone.
1:37 of 1st period - Snap shot by Zack Kassian.
1:37 of 1st period - Stopped by Keith Kinkaid with a rebound.
1:39 of 1st period - Slapshot by Jason Demers.
1:39 of 1st period - Stopped by Keith Kinkaid without a rebound.
1:40 of 1st period - Mike Ribeiro wins face-off versus Mikko Koivu in Capitals zone.
1:50 of 1st period - Off-side.
1:51 of 1st period - Mike Ribeiro wins face-off versus Ryan Getzlaf in neutral zone.
3:02 of 1st period - Wojtek Wolski is hit by Mikko Koivu and loses puck.
3:24 of 1st period - Minor Penalty to Marc-Édouard Vlasic for Slashing.
3:25 of 1st period - Jonathan Toews wins face-off versus Derek Roy in Capitals zone.
3:28 of 1st period - Snap shot by Wojtek Wolski.
3:28 of 1st period - Shot Blocked by Trevor Daley.
3:42 of 1st period - Snap shot by Joe Pavelski.
3:42 of 1st period - Deflect By Derek Roy.
3:42 of 1st period - Stopped by Kevin Poulin without a rebound.
3:43 of 1st period - Mike Ribeiro wins face-off versus Joe Pavelski in Bruins zone.
3:56 of 1st period - Wrist shot by Victor Oreskovich.
3:56 of 1st period - Shot Misses the Net.
5:24 of 1st period - Penalty to Marc-Édouard Vlasic is over, Marc-Édouard Vlasic is back on ice.
6:16 of 1st period - Torey Krug is hit by Dave Bolland and loses puck.
6:30 of 1st period - Wrist shot by Derek Roy.
6:30 of 1st period - Deflect By Alexander Steen.
6:30 of 1st period - Shot Misses the Net.
6:30 of 1st period - Puck is out of play.
6:31 of 1st period - Casey Cizikas wins face-off versus Derek Roy in Bruins zone.
6:58 of 1st period - Snap shot by Victor Oreskovich.
6:58 of 1st period - Stopped by Keith Kinkaid without a rebound.
6:59 of 1st period - Jonathan Toews wins face-off versus Ryan Getzlaf in Capitals zone.
7:15 of 1st period - Off-side.
7:16 of 1st period - Mike Ribeiro wins face-off versus Derek Roy in neutral zone.
7:25 of 1st period - Slapshot by Mike Green.
7:25 of 1st period - Deflect By Derek Roy.
7:25 of 1st period - Shot Misses the Net.
7:25 of 1st period - Puck is out of play.
7:26 of 1st period - Derek Roy wins face-off versus Victor Oreskovich in Bruins zone.
7:27 of 1st period - Snap shot by Alexander Steen.
7:27 of 1st period - Stopped by Kevin Poulin without a rebound.
7:28 of 1st period - Derek Roy wins face-off versus Jonathan Toews in Bruins zone.
7:33 of 1st period - Snap shot by Derek Roy.
7:33 of 1st period - Stopped by Kevin Poulin without a rebound.
7:34 of 1st period - Jonathan Toews wins face-off versus Derek Roy in Bruins zone.
7:48 of 1st period - Minor Penalty to Zack Kassian for Hooking.
7:49 of 1st period - Derek Roy wins face-off versus Wojtek Wolski in Bruins zone.
8:17 of 1st period - Slapshot by Mike Green.
8:17 of 1st period - Stopped by Kevin Poulin without a rebound.
8:18 of 1st period - Wojtek Wolski wins face-off versus Ryan Nugent-Hopkins in Bruins zone.
8:27 of 1st period - Slapshot by Wojtek Wolski.
8:27 of 1st period - Shot Blocked by Ryan Suter.
8:51 of 1st period - Snap shot by Joe Pavelski.
8:51 of 1st period - Shot Blocked by Dan Hamhuis.
9:23 of 1st period - Brent Burns is hit by Johnny Boychuk and loses puck.
9:48 of 1st period - Penalty to Zack Kassian is over, Zack Kassian is back on ice.
10:08 of 1st period - Victor Oreskovich is hit by Mike Green and loses puck.
10:52 of 1st period - Marc-Édouard Vlasic is hit by Dan Hamhuis and loses puck.
11:16 of 1st period - T.J. Oshie is hit by Jason Demers.
11:30 of 1st period - Ondrej Palat is hit by T.J Galiardi.
11:59 of 1st period - Off-side.
12:00 of 1st period - Dave Bolland wins face-off versus Mikko Koivu in neutral zone.
12:18 of 1st period - Minor Penalty to Mikko Koivu for Tripping.
12:19 of 1st period - Joe Pavelski wins face-off versus Jonathan Toews in Capitals zone.
12:31 of 1st period - Snap shot by Zack Kassian.
12:31 of 1st period - Stopped by Keith Kinkaid with a rebound.
12:33 of 1st period - Wrist shot by Zack Kassian.
12:33 of 1st period - Shot Hit the Post.
12:35 of 1st period - Slapshot by Jonathan Toews.
12:35 of 1st period - Goal by Jonathan Toews - Capitals : 0 - Bruins : 3.
12:36 of 1st period - Jonathan Toews wins face-off versus Derek Roy in neutral zone.
12:39 of 1st period - Mike Green is hit by Jonathan Toews and loses puck.
12:50 of 1st period - Slapshot by Derek Roy.
12:50 of 1st period - Stopped by Kevin Poulin with a rebound.
13:02 of 1st period - Ryan Getzlaf is hit by Victor Oreskovich and loses puck.
13:23 of 1st period - Snap shot by Matt Read.
13:23 of 1st period - Stopped by Keith Kinkaid with a rebound.
13:29 of 1st period - Ryan Nugent-Hopkins is hit by Matt Read and loses puck.
14:16 of 1st period - Johnny Boychuk is hit by Ryan Suter and loses puck.
14:39 of 1st period - Wrist shot by Ondrej Palat.
14:39 of 1st period - Shot Blocked by Victor Oreskovich.
14:43 of 1st period - Slapshot by Ondrej Palat.
14:43 of 1st period - Stopped by Kevin Poulin without a rebound.
14:44 of 1st period - Derek Roy wins face-off versus Mike Ribeiro in Bruins zone.
14:45 of 1st period - Slapshot by Alexander Steen.
14:45 of 1st period - Shot Misses the Net.
14:47 of 1st period - Slapshot by Mike Green.
14:47 of 1st period - Stopped by Kevin Poulin without a rebound.
14:48 of 1st period - Derek Roy wins face-off versus Jonathan Toews in Bruins zone.
15:20 of 1st period - Wrist shot by Scott Hartnell.
15:20 of 1st period - Stopped by Keith Kinkaid with a rebound.
15:22 of 1st period - Wrist shot by Victor Oreskovich.
15:22 of 1st period - Shot Misses the Net.
15:24 of 1st period - Wrist shot by Victor Oreskovich.
15:24 of 1st period - Shot Blocked by Mike Green.
15:36 of 1st period - Wrist shot by Dave Bolland.
15:36 of 1st period - Stopped by Keith Kinkaid with a rebound.
16:03 of 1st period - Wrist shot by Wojtek Wolski.
16:03 of 1st period - Shot Misses the Net.
16:05 of 1st period - Wrist shot by Jonathan Toews.
16:05 of 1st period - Stopped by Keith Kinkaid with a rebound.
16:36 of 1st period - Brent Burns is hit by Rene Bourque and loses puck.
16:53 of 1st period - Slapshot by Torey Krug.
16:53 of 1st period - Shot Misses the Net.
16:55 of 1st period - Snap shot by Mike Hoffman.
16:55 of 1st period - Shot Misses the Net.
16:57 of 1st period - Slapshot by T.J. Oshie.
16:57 of 1st period - Stopped by Kevin Poulin without a rebound.
16:58 of 1st period - Derek Roy wins face-off versus Mike Ribeiro in Bruins zone.
17:03 of 1st period - Wrist shot by Alexander Steen.
17:03 of 1st period - Deflect By Jason Pominville.
17:03 of 1st period - Shot Misses the Net.
17:03 of 1st period - Puck is out of play.
17:04 of 1st period - Derek Roy wins face-off versus Mike Ribeiro in Bruins zone.
17:10 of 1st period - Minor Penalty to Mike Ribeiro for Hooking.
17:11 of 1st period - Wojtek Wolski wins face-off versus Derek Roy in Bruins zone.
19:04 of 1st period - Dan Hamhuis is hit by Blake Wheeler and loses puck.
19:10 of 1st period - Penalty to Mike Ribeiro is over, Mike Ribeiro is back on ice.
19:21 of 1st period - Wrist shot by Matt Read.
19:21 of 1st period - Stopped by Keith Kinkaid without a rebound.
19:22 of 1st period - Dave Bolland wins face-off versus Mikko Koivu in Capitals zone.
19:27 of 1st period - Wrist shot by Matt Read.
19:27 of 1st period - Stopped by Keith Kinkaid with a rebound.
19:29 of 1st period - Wrist shot by T.J Galiardi.
19:29 of 1st period - Stopped by Keith Kinkaid with a rebound.
19:31 of 1st period - Slapshot by Slava Voynov.
19:31 of 1st period - Stopped by Keith Kinkaid without a rebound.
19:32 of 1st period - Dave Bolland wins face-off versus Derek Roy in Capitals zone.
19:54 of 1st period - Off-side.
19:55 of 1st period - Jonathan Toews wins face-off versus Ryan Nugent-Hopkins in neutral zone.
19:58 of 1st period - Snap shot by Zack Kassian.
19:58 of 1st period - Stopped by Keith Kinkaid without a rebound.
19:59 of 1st period - Blake Wheeler wins face-off versus Jonathan Toews in Capitals zone.
Goals for this period are 0 for Capitals vs 3 for Bruins.
Shots for this period are 9 for Capitals vs 17 for Bruins.
2nd period
0:01 of 2nd period - Jonathan Toews wins face-off versus Derek Roy in neutral zone.
0:26 of 2nd period - Mike Ribeiro is hit by Patrick Sharp and loses puck.
1:13 of 2nd period - Wrist shot by Jason Pominville.
1:13 of 2nd period - Shot Misses the Net.
1:15 of 2nd period - Snap shot by Derek Roy.
1:15 of 2nd period - Shot Blocked by Dan Hamhuis.
1:30 of 2nd period - Wrist shot by T.J. Oshie.
1:30 of 2nd period - Stopped by Kevin Poulin with a rebound.
1:32 of 2nd period - Snap shot by Mike Hoffman.
1:32 of 2nd period - Stopped by Kevin Poulin without a rebound.
1:33 of 2nd period - Jonathan Toews wins face-off versus Derek Roy in Bruins zone.
1:38 of 2nd period - Snap shot by Wojtek Wolski.
1:38 of 2nd period - Stopped by Keith Kinkaid with a rebound.
1:40 of 2nd period - Wrist shot by Wojtek Wolski.
1:40 of 2nd period - Stopped by Keith Kinkaid without a rebound.
1:41 of 2nd period - Wojtek Wolski wins face-off versus Derek Roy in Capitals zone.
1:44 of 2nd period - Snap shot by Zack Kassian.
1:44 of 2nd period - Shot Blocked by Brent Burns.
1:46 of 2nd period - Snap shot by Wojtek Wolski.
1:46 of 2nd period - Shot Blocked by Brent Burns.
1:48 of 2nd period - Snap shot by Zack Kassian.
1:48 of 2nd period - Stopped by Keith Kinkaid with a rebound.
1:50 of 2nd period - Snap shot by Wojtek Wolski.
1:50 of 2nd period - Shot Blocked by Derek Roy.
1:54 of 2nd period - Snap shot by Wojtek Wolski.
1:54 of 2nd period - Shot Misses the Net.
1:56 of 2nd period - Wrist shot by Wojtek Wolski.
1:56 of 2nd period - Stopped by Keith Kinkaid with a rebound.
1:58 of 2nd period - Snap shot by Samuel Morin.
1:58 of 2nd period - Shot Misses the Net.
2:16 of 2nd period - Wrist shot by Wojtek Wolski.
2:16 of 2nd period - Shot Blocked by Jason Pominville.
2:18 of 2nd period - Snap shot by Wojtek Wolski.
2:18 of 2nd period - Shot Misses the Net.
2:20 of 2nd period - Slapshot by Samuel Morin.
2:20 of 2nd period - Shot Misses the Net.
2:22 of 2nd period - Snap shot by Jonathan Toews.
2:22 of 2nd period - Stopped by Keith Kinkaid with a rebound.
2:24 of 2nd period - Backhand shot by Jonathan Toews.
2:24 of 2nd period - Shot Misses the Net.
2:44 of 2nd period - Wrist shot by Jonathan Toews.
2:44 of 2nd period - Deflect By Zack Kassian.
2:44 of 2nd period - Shot Blocked by Torey Krug.
2:44 of 2nd period - Puck is out of play.
2:45 of 2nd period - Ryan Getzlaf wins face-off versus Mike Ribeiro in Capitals zone.
3:14 of 2nd period - Jason Demers is hit by Blake Wheeler and loses puck.
3:37 of 2nd period - Snap shot by Mikko Koivu.
3:37 of 2nd period - Stopped by Kevin Poulin with a rebound.
3:39 of 2nd period - Snap shot by Mike Green.
3:39 of 2nd period - Stopped by Kevin Poulin without a rebound.
3:40 of 2nd period - Ryan Getzlaf wins face-off versus Casey Cizikas in Bruins zone.
3:41 of 2nd period - Slapshot by Patrick Sharp.
3:41 of 2nd period - Shot Hit the Post.
3:43 of 2nd period - Minor Penalty to Ian Cole for Holding.
3:44 of 2nd period - Derek Roy wins face-off versus Wojtek Wolski in Bruins zone.
3:45 of 2nd period - Snap shot by Joe Pavelski.
3:45 of 2nd period - Deflect By Derek Roy.
3:45 of 2nd period - Shot Misses the Net.
3:45 of 2nd period - Puck is out of play.
3:46 of 2nd period - Wojtek Wolski wins face-off versus Derek Roy in Bruins zone.
4:23 of 2nd period - Jason Demers is hit by Jason Pominville and loses puck.
5:43 of 2nd period - Penalty to Ian Cole is over, Ian Cole is back on ice.
7:00 of 2nd period - Icing by Ian Cole.
7:01 of 2nd period - Casey Cizikas wins face-off versus Derek Roy in Bruins zone.
7:06 of 2nd period - Derek Roy is hit by Wojtek Wolski.
7:16 of 2nd period - Dave Bolland is hit by Joe Pavelski and loses puck.
7:23 of 2nd period - Snap shot by Patrick Sharp.
7:23 of 2nd period - Stopped by Kevin Poulin without a rebound.
7:24 of 2nd period - Ryan Nugent-Hopkins wins face-off versus Mike Ribeiro in Bruins zone.
7:58 of 2nd period - Wrist shot by Mike Ribeiro.
7:58 of 2nd period - Shot Misses the Net.
8:34 of 2nd period - Johnny Boychuk is hit by Torey Krug and loses puck.
9:09 of 2nd period - Wrist shot by Mikko Koivu.
9:09 of 2nd period - Stopped by Kevin Poulin without a rebound.
9:10 of 2nd period - Victor Oreskovich wins face-off versus Derek Roy in Bruins zone.
9:26 of 2nd period - Off-side.
9:27 of 2nd period - Dave Bolland wins face-off versus Ryan Getzlaf in neutral zone.
9:35 of 2nd period - Snap shot by Dave Bolland.
9:35 of 2nd period - Shot Misses the Net.
9:37 of 2nd period - Snap shot by T.J Galiardi.
9:37 of 2nd period - Deflect By Dave Bolland.
9:37 of 2nd period - Shot Misses the Net.
9:37 of 2nd period - Puck is out of play.
9:38 of 2nd period - Mike Ribeiro wins face-off versus Derek Roy in Capitals zone.
9:39 of 2nd period - Wrist shot by Scott Hartnell.
9:39 of 2nd period - Shot Misses the Net.
9:41 of 2nd period - Minor Penalty to Jason Pominville for Slashing.
9:42 of 2nd period - Jonathan Toews wins face-off versus Joe Pavelski in Capitals zone.
9:51 of 2nd period - Snap shot by Wojtek Wolski.
9:51 of 2nd period - Deflect By Jonathan Toews.
9:51 of 2nd period - Stopped by Keith Kinkaid with a rebound.
9:55 of 2nd period - Snap shot by Zack Kassian.
9:55 of 2nd period - Stopped by Keith Kinkaid with a rebound.
9:57 of 2nd period - Backhand shot by Wojtek Wolski.
9:57 of 2nd period - Stopped by Keith Kinkaid with a rebound.
10:09 of 2nd period - Brent Burns is hit by Scott Hartnell and loses puck.
11:24 of 2nd period - Johnny Boychuk is hit by Patrick Sharp and loses puck.
11:41 of 2nd period - Penalty to Jason Pominville is over, Jason Pominville is back on ice.
11:57 of 2nd period - Slapshot by Matt Read.
11:57 of 2nd period - Stopped by Keith Kinkaid with a rebound.
12:33 of 2nd period - Slapshot by Ryan Nugent-Hopkins.
12:33 of 2nd period - Goal by Ryan Nugent-Hopkins - Capitals : 1 - Bruins : 3.
12:34 of 2nd period - Jonathan Toews wins face-off versus Ryan Nugent-Hopkins in neutral zone.
12:44 of 2nd period - Trevor Daley is hit by Johnny Boychuk and loses puck.
12:59 of 2nd period - Trevor Daley is hit by Matt Read and loses puck.
13:04 of 2nd period - Snap shot by Dave Bolland.
13:04 of 2nd period - Stopped by Keith Kinkaid with a rebound.
13:52 of 2nd period - Snap shot by Zack Kassian.
13:52 of 2nd period - Stopped by Keith Kinkaid with a rebound.
14:11 of 2nd period - Ryan Getzlaf is hit by Jason Demers and loses puck.
14:47 of 2nd period - Scott Hartnell is hit by Ryan Nugent-Hopkins and loses puck.
15:18 of 2nd period - Icing by Brent Burns.
15:19 of 2nd period - Jonathan Toews wins face-off versus Derek Roy in Capitals zone.
15:32 of 2nd period - Backhand shot by Zack Kassian.
15:32 of 2nd period - Deflect By Jonathan Toews.
15:32 of 2nd period - Shot Misses the Net.
15:32 of 2nd period - Puck is out of play.
15:33 of 2nd period - Ryan Getzlaf wins face-off versus Jonathan Toews in Capitals zone.
15:33 of 2nd period - Ryan Getzlaf is hit by Johnny Boychuk.
15:51 of 2nd period - Marc-Édouard Vlasic is hit by Jason Demers and loses puck.
16:04 of 2nd period - Slapshot by Matt Read.
16:04 of 2nd period - Shot Misses the Net.
16:47 of 2nd period - Rene Bourque is hit by T.J. Oshie and loses puck.
17:10 of 2nd period - Snap shot by Joe Pavelski.
17:10 of 2nd period - Shot Misses the Net.
17:13 of 2nd period - Icing by Samuel Morin.
17:14 of 2nd period - Derek Roy wins face-off versus Dave Bolland in Bruins zone.
17:41 of 2nd period - Snap shot by Matt Read.
17:41 of 2nd period - Stopped by Keith Kinkaid with a rebound.
18:52 of 2nd period - Ryan Suter is hit by Ian Cole.
18:57 of 2nd period - Minor Penalty to T.J Galiardi for Slashing.
18:58 of 2nd period - Derek Roy wins face-off versus Zack Kassian in Bruins zone.
19:12 of 2nd period - Snap shot by Joe Pavelski.
19:12 of 2nd period - Shot Blocked by Jason Demers.
19:14 of 2nd period - Backhand shot by Brent Burns.
19:14 of 2nd period - Stopped by Kevin Poulin without a rebound.
19:15 of 2nd period - Joe Pavelski wins face-off versus Wojtek Wolski in Bruins zone.
Goals for this period are 1 for Capitals vs 0 for Bruins.
Shots for this period are 8 for Capitals vs 12 for Bruins.
3rd period
0:01 of 3rd period - Derek Roy wins face-off versus Wojtek Wolski in neutral zone.
0:04 of 3rd period - Slapshot by Patrick Sharp.
0:04 of 3rd period - Shot Misses the Net.
0:06 of 3rd period - Backhand shot by Joe Pavelski.
0:06 of 3rd period - Shot Hit the Post.
0:08 of 3rd period - Backhand shot by Derek Roy.
0:08 of 3rd period - Stopped by Kevin Poulin without a rebound.
0:09 of 3rd period - Wojtek Wolski wins face-off versus Derek Roy in Bruins zone.
0:28 of 3rd period - Slapshot by Joe Pavelski.
0:28 of 3rd period - Shot Misses the Net.
0:57 of 3rd period - Penalty to T.J Galiardi is over, T.J Galiardi is back on ice.
1:05 of 3rd period - Snap shot by Patrick Sharp.
1:05 of 3rd period - Stopped by Kevin Poulin with a rebound.
1:07 of 3rd period - Wrist shot by Derek Roy.
1:07 of 3rd period - Stopped by Kevin Poulin without a rebound.
1:08 of 3rd period - Mike Ribeiro wins face-off versus Ryan Nugent-Hopkins in Bruins zone.
1:12 of 3rd period - Off-side.
1:13 of 3rd period - Ondrej Palat wins face-off versus Victor Oreskovich in neutral zone.
1:24 of 3rd period - Slapshot by Ryan Nugent-Hopkins.
1:24 of 3rd period - Stopped by Kevin Poulin without a rebound.
1:25 of 3rd period - Jonathan Toews wins face-off versus Ondrej Palat in Bruins zone.
2:03 of 3rd period - Minor Penalty to Victor Oreskovich for Roughing.
2:04 of 3rd period - Wojtek Wolski wins face-off versus Derek Roy in Bruins zone.
3:07 of 3rd period - Off-side.
3:08 of 3rd period - Jonathan Toews wins face-off versus Derek Roy in neutral zone.
4:03 of 3rd period - Penalty to Victor Oreskovich is over, Victor Oreskovich is back on ice.
4:12 of 3rd period - T.J Galiardi is hit by T.J. Oshie and loses puck.
4:33 of 3rd period - Marc-Édouard Vlasic is hit by Scott Hartnell.
6:06 of 3rd period - Marc-Édouard Vlasic is hit by T.J Galiardi and loses puck.
6:59 of 3rd period - Slapshot by Ondrej Palat.
6:59 of 3rd period - Stopped by Kevin Poulin with a rebound.
7:01 of 3rd period - Wrist shot by Brent Burns.
7:01 of 3rd period - Shot Blocked by Samuel Morin.
7:03 of 3rd period - Snap shot by Ondrej Palat.
7:03 of 3rd period - Stopped by Kevin Poulin with a rebound.
7:13 of 3rd period - Dave Bolland is hit by Torey Krug and loses puck.
7:32 of 3rd period - Mike Ribeiro is hit by Alexander Steen.
7:56 of 3rd period - Snap shot by Trevor Daley.
7:56 of 3rd period - Shot Misses the Net.
8:22 of 3rd period - Wrist shot by Victor Oreskovich.
8:22 of 3rd period - Stopped by Keith Kinkaid with a rebound.
8:44 of 3rd period - Wrist shot by Ryan Nugent-Hopkins.
8:44 of 3rd period - Shot Misses the Net.
8:46 of 3rd period - Snap shot by Ryan Nugent-Hopkins.
8:46 of 3rd period - Stopped by Kevin Poulin without a rebound.
8:47 of 3rd period - Derek Roy wins face-off versus Mike Ribeiro in Bruins zone.
8:51 of 3rd period - Minor Penalty to Mike Ribeiro for Hooking.
8:52 of 3rd period - Derek Roy wins face-off versus Wojtek Wolski in Bruins zone.
9:20 of 3rd period - Slapshot by Johnny Boychuk.
9:20 of 3rd period - Shot Blocked by Mike Green.
10:08 of 3rd period - Slapshot by Matt Read.
10:08 of 3rd period - Stopped by Keith Kinkaid with a rebound.
10:51 of 3rd period - Penalty to Mike Ribeiro is over, Mike Ribeiro is back on ice.
11:06 of 3rd period - Backhand shot by Mikko Koivu.
11:06 of 3rd period - Stopped by Kevin Poulin without a rebound.
11:07 of 3rd period - Mike Ribeiro wins face-off versus Mikko Koivu in Bruins zone.
11:45 of 3rd period - Snap shot by Jonathan Toews.
11:45 of 3rd period - Stopped by Keith Kinkaid with a rebound.
11:47 of 3rd period - Wrist shot by Jonathan Toews.
11:47 of 3rd period - Stopped by Keith Kinkaid with a rebound.
12:32 of 3rd period - Snap shot by Zack Kassian.
12:32 of 3rd period - Shot Misses the Net.
12:34 of 3rd period - Slapshot by Jason Demers.
12:34 of 3rd period - Shot Misses the Net.
12:36 of 3rd period - Slapshot by Johnny Boychuk.
12:36 of 3rd period - Shot Misses the Net.
12:38 of 3rd period - Slapshot by Johnny Boychuk.
12:38 of 3rd period - Stopped by Keith Kinkaid with a rebound.
12:56 of 3rd period - Wrist shot by Patrick Sharp.
12:56 of 3rd period - Stopped by Kevin Poulin without a rebound.
12:57 of 3rd period - Dave Bolland wins face-off versus Ryan Getzlaf in Bruins zone.
13:23 of 3rd period - Wojtek Wolski is hit by Derek Roy and loses puck.
13:32 of 3rd period - Snap shot by Jason Pominville.
13:32 of 3rd period - Stopped by Kevin Poulin without a rebound.
13:33 of 3rd period - Derek Roy wins face-off versus Mike Ribeiro in Bruins zone.
13:40 of 3rd period - Snap shot by Jason Pominville.
13:40 of 3rd period - Stopped by Kevin Poulin with a rebound.
13:42 of 3rd period - Slapshot by Brent Burns.
13:42 of 3rd period - Stopped by Kevin Poulin with a rebound.
13:44 of 3rd period - Slapshot by Torey Krug.
13:44 of 3rd period - Shot Misses the Net.
14:09 of 3rd period - Off-side.
14:10 of 3rd period - Jonathan Toews wins face-off versus Derek Roy in neutral zone.
14:23 of 3rd period - Backhand shot by Wojtek Wolski.
14:23 of 3rd period - Shot Hit the Post.
14:25 of 3rd period - Backhand shot by Jason Demers.
14:25 of 3rd period - Stopped by Keith Kinkaid without a rebound.
14:26 of 3rd period - Mike Ribeiro wins face-off versus Joe Pavelski in Capitals zone.
14:33 of 3rd period - Snap shot by Victor Oreskovich.
14:33 of 3rd period - Goal by Victor Oreskovich - Capitals : 1 - Bruins : 4.
14:34 of 3rd period - Jonathan Toews wins face-off versus Derek Roy in neutral zone.
14:36 of 3rd period - Off-side.
14:37 of 3rd period - Derek Roy wins face-off versus Jonathan Toews in neutral zone.
14:40 of 3rd period - Slapshot by Derek Roy.
14:40 of 3rd period - Stopped by Kevin Poulin without a rebound.
14:41 of 3rd period - Derek Roy wins face-off versus Jonathan Toews in Bruins zone.
15:14 of 3rd period - Snap shot by Zack Kassian.
15:14 of 3rd period - Shot Misses the Net.
15:20 of 3rd period - Snap shot by Wojtek Wolski.
15:20 of 3rd period - Stopped by Keith Kinkaid with a rebound.
15:36 of 3rd period - Wrist shot by Wojtek Wolski.
15:36 of 3rd period - Stopped by Keith Kinkaid with a rebound.
15:38 of 3rd period - Wrist shot by Zack Kassian.
15:38 of 3rd period - Shot Blocked by Torey Krug.
15:40 of 3rd period - Wrist shot by Jonathan Toews.
15:40 of 3rd period - Shot Misses the Net.
16:16 of 3rd period - Slapshot by Brent Burns.
16:16 of 3rd period - Shot Blocked by Jason Demers.
16:28 of 3rd period - Snap shot by Patrick Sharp.
16:28 of 3rd period - Shot Misses the Net.
17:01 of 3rd period - Wrist shot by Wojtek Wolski.
17:01 of 3rd period - Deflect By Zack Kassian.
17:01 of 3rd period - Stopped by Keith Kinkaid with a rebound.
17:03 of 3rd period - Slapshot by Johnny Boychuk.
17:03 of 3rd period - Stopped by Keith Kinkaid with a rebound.
18:11 of 3rd period - Off-side.
18:12 of 3rd period - Mike Ribeiro wins face-off versus Derek Roy in neutral zone.
18:21 of 3rd period - Jason Pominville is hit by Mike Ribeiro and loses puck.
18:27 of 3rd period - Minor Penalty to Mike Ribeiro for Interference.
18:28 of 3rd period - Ryan Nugent-Hopkins wins face-off versus Matt Read in Bruins zone.
19:03 of 3rd period - Snap shot by Blake Wheeler.
19:03 of 3rd period - Shot Blocked by Ian Cole.
19:05 of 3rd period - Slapshot by Mike Green.
19:05 of 3rd period - Shot Misses the Net.
19:07 of 3rd period - Snap shot by Blake Wheeler.
19:07 of 3rd period - Shot Blocked by Scott Hartnell.
19:09 of 3rd period - Snap shot by Jason Pominville.
19:09 of 3rd period - Shot Blocked by Ian Cole.
19:11 of 3rd period - Snap shot by Blake Wheeler.
19:11 of 3rd period - Shot Blocked by Ian Cole.
19:15 of 3rd period - Snap shot by Jason Pominville.
19:15 of 3rd period - Stopped by Kevin Poulin with a rebound.
19:17 of 3rd period - Snap shot by Blake Wheeler.
19:17 of 3rd period - Shot Blocked by Ian Cole.
19:23 of 3rd period - Wrist shot by Blake Wheeler.
19:23 of 3rd period - Deflect By Jason Pominville.
19:23 of 3rd period - Stopped by Kevin Poulin with a rebound.
19:25 of 3rd period - Slapshot by Marc-Édouard Vlasic.
19:25 of 3rd period - Goal by Marc-Édouard Vlasic - Capitals : 2 - Bruins : 4.
19:26 of 3rd period - Zack Hamill wins face-off versus Mikko Koivu in neutral zone.
19:53 of 3rd period - Ryan Suter is hit by Samuel Morin and loses puck.
Goals for this period are 1 for Capitals vs 1 for Bruins.
Shots for this period are 16 for Capitals vs 11 for Bruins.